 Dungeon Crawl Stone Soup version 0.30-a0-2-gf48d83f5e2 (webtiles) character file.

Game seed: 3874197699683824378

146 kae the Firebug (level 5, -9/43 HPs)
             Began as a Deep Elf Fire Elementalist on Aug 19, 2022.
             Killed by divine providence
             ... invoked by an orc priest
              (12 damage)
             ... on level 2 of the Dungeon.
             The game lasted 00:01:57 (2135 turns).

kae the Firebug (Deep Elf Fire Elementalist)        Turns: 2135, Time: 00:01:58

Health: -9/43      AC: 22    Str:  5    XL:     5   Next: 7%
Magic:  12/12      EV:  2    Int: 22    God:
Gold:   22         SH:  5    Dex: 15    Spells: 5/11 levels left

rFire   . . .      SeeInvis .    e - +0 whip
rCold   . . .      Faith    .    (no shield)
rNeg    . . .      Spirit   .    (body armour currently unavailable)
rPois   +          Reflect  +    (helmet currently unavailable)
rElec   .          Harm     .    (cloak currently unavailable)
rCorr   .          Rampage  .    (gloves currently unavailable)
Will    .....      NoTele   +    (boots currently unavailable)
Stlth   ++........               g - amulet of reflection
HPRegen 0.14/turn                L - ring of flight
MPRegen 0.13/turn                (no ring)

@: tree-form
A: stationary, stasis, torment immunity, boosted hp
a: no special abilities


You were on level 2 of the Dungeon.
You were a tree.
You visited 1 branch of the dungeon, and saw 2 of its levels.

You collected 22 gold pieces.


   Skills:
 + Level 1.2 Fighting
 + Level 3.3 Dodging
 - Level 2.4 Stealth
 + Level 3.7 Spellcasting
 * Level 3.0 Conjurations
 * Level 4.2 Fire Magic


You had 5 spell levels left.
You knew the following spells:

 Your Spells              Type           Power      Damage    Failure   Level
a - Foxfire               Conj/Fire      80%        2x1d8     2%          1
b - Scorch                Fire           44%        2d7       3%          2
c - Conjure Flame         Conj/Fire      20%        6-21      8%          3

Your spell library contained the following spells:

 Spells                   Type           Power      Damage    Failure   Level
 Inner Flame              Hex/Fire       13%        N/A       14%         3
 Flame Wave               Conj/Fire      20%        2d7       26%         4

Inventory:

Hand Weapons
 e - a +0 whip (weapon)
   (You took it off a kobold on level 1 of the Dungeon)
Missiles
 c - 25 stones
 j - 3 javelins
Armour
 a - a +1 robe (melded)
 d - a +0 pair of gloves (melded)
   (You found it on level 1 of the Dungeon)
Jewellery
 g - an amulet of reflection (around neck)
   (You found it on level 1 of the Dungeon)
 F - a ring of protection from fire
   (You found it on level 2 of the Dungeon)
 L - a ring of flight (left branch)
   (You found it on level 2 of the Dungeon)
Scrolls
 h - a scroll of enchant armour
Potions
 i - a potion of lignification {!q}

Dungeon Overview and Level Annotations

Branches:
Dungeon (2/15) Zot: 9863

Altars:

Annotations:
D:2 exclusions: orc priest and orc wizard

....#............ #....##.....#.#
....#....)####### #.##.######.#.#
##..#.....+.### #. #.######.#.#
#.##.....#.... . #.##..ā€ ..#.#
##.##.....#..^. o. #.##.#####.#
.........ā€ #.... o. #.##.#####.#
........##....#####. #.......##.#
........#..)...####.#####.##.##.#
....ā€
.....#....vā™£)#[......##.##.#
.........###...##o#.o#######....#
........## #...##)#...# ######
..>...######...##.##.o#
...........'...+..##..#
############...###....# #...#
#.##.# #...# #.# .# #...# #.# .#


You could see an orc priest (ally target).


Message History

Casting: Conjure Flame (dangerous; 9% risk of failure)
Confirm with . or Enter, or press ? or * to list all spells.
Flames lash something.
The orc priest completely misses you.
Something hits you but does no damage. šŸ˜• MP[-2]
You lost 2 mp, and now have 5/11 mp.
Casting: Scorch (safe; 3% risk of failure)
Confirm with . or Enter, or press ? or * to list all spells.
Flames lash something.
The orc priest hits you with a +0 flail.
You hear some strange, mumbled words.
Something tries to affect you, but you resist. šŸ˜• HP[-1] MP[-2]
You take 1 damage, and now have 32/37 hp.
You lost 2 mp, and now have 3/11 mp.
Casting: Scorch (safe; 3% risk of failure)
Confirm with . or Enter, or press ? or * to list all spells.
Flames lash something.
Reactivating autopickup.
You feel a bit more experienced.
The orc priest hits you but does no damage.
Your Conjurations skill increases to level 3!
You have reached level 5! šŸ˜• HP[+5] MP[-1]
You now have 43 max hp (+6).
You regained 5 hp, and now have 37/43 hp.
You hit the orc priest but do no damage.
You block the orc priest's attack.
You hit the orc priest but do no damage.
The orc priest hits you with a +0 flail. šŸ˜• HP[-2]
You take 2 damage, and now have 35/43 hp.
You closely miss the orc priest.
The orc priest hits you but does no damage.
You hit the orc priest but do no damage.
The orc priest hits you but does no damage.
You hit the orc priest but do no damage.
The orc priest barely misses you. šŸ˜• HP[+1]
You hit the orc priest but do no damage.
You block the orc priest's attack.
You closely miss the orc priest.
The orc priest hits you but does no damage. šŸ˜• MP[+1]
You closely miss the orc priest.
The orc priest hits you with a +0 flail.
The orc priest hits you but does no damage. šŸ˜® HP[-6]
You take 6 damage, and now have 30/43 hp.
You hit the orc priest.
The orc priest hits you but does no damage.
Casting: Scorch (safe; 3% risk of failure)
Confirm with . or Enter, or press ? or * to list all spells.
Flames lash the orc priest.
The orc priest's fire resistance burns away.
You block the orc priest's attack.
The orc priest invokes the aid of Beogh against you.
Beogh smites you!
* * * LOW HITPOINT WARNING * * *
šŸ˜Ø HP[-12] MP[-2]
You take 12 damage, and now have 18/43 hp.
MASSIVE DAMAGE!! (PAUSE)
You lost 2 mp, and now have 1/12 mp.
You barely miss the orc priest.
The orc priest hits you but does no damage.
You hit the orc priest but do no damage.
The orc priest is no longer more vulnerable to fire.
The orc priest hits you with a +0 flail.
* * * LOW HITPOINT WARNING * * *
šŸ˜Ø HP[-3]
You take 3 damage, and now have 15/43 hp.
You closely miss the orc priest.
The orc priest hits you but does no damage. šŸ˜Ø MP[+1]
Casting: Scorch (safe; 3% risk of failure)
Confirm with . or Enter, or press ? or * to list all spells.
You conjure some foxfire!
The orc priest casts a cantrip, but nothing happens.
The foxfire hits the orc priest.
You block the orc priest's attack. šŸ˜Ø MP[-1]
You lost 1 mp, and now have 1/12 mp.
You hit the orc priest but do no damage.
The orc priest hits you with a +0 flail.
* * * LOW HITPOINT WARNING * * *
šŸ˜Ø HP[-2]
You take 2 damage, and now have 13/43 hp.
You hit the orc priest.
The orc priest hits you but does no damage. šŸ˜Ø HP[+1]
You hit the orc priest but do no damage.
The orc priest invokes the aid of Beogh against you.
Beogh smites you!
* * * LOW HITPOINT WARNING * * *
šŸ˜± HP[-11]
You take 11 damage, and now have 3/43 hp.
MASSIVE DAMAGE!! (PAUSE) Magic courses through your body.
The orc priest calls down the wrath of Beogh upon you.
Beogh smites you!
You die...

Skill      XL: |  1  2  3  4 |
---------------+-------------+-----
Conjurations   | 2 3 |  3.0
Dodging        | 3 |  3.3
Fire Magic     | 4 |  4.2
Fighting       | 1 |  1.2
Stealth        | |  2.4
Spellcasting   | |  3.7

Action                   |  1- 3 |  4- 6 || total
-------------------------+-------+-------++-------
Melee: Whip              |       |    15 ||    15
 Cast: Foxfire           |    73 |    40 ||   113
       Scorch            |     2 |     4 ||     6
       Conjure Flame     |       |     1 ||     1
  Use: Scroll            |     2 |       ||     2
       Potion            |       |     4 ||     4
Armor: Robe              |     3 |     2 ||     5
       Skin              |       |    11 ||    11
Dodge: Dodged            |    10 |     4 ||    14
Block: Other             |       |     4 ||     4

Levels and vault maps discovered:
D:1:      onia_arrival_zoo_common, layout_loops_ring, minmay_misc_feat_pillars,
          kennysheep_pointless_box
D:2:      layout_basic, hellmonk_ecumenical_altar_crossroads

Notes
Turn   | Place    | Note
-------+----------+-------------------------------------------
     0 | D:1      | kae the Deep Elf Fire Elementalist began the quest for the
                  | Orb.
     0 | D:1      | Reached XP level 1. HP: 10/10 MP: 6/6
     0 | D:1      | magus.rc [v1.11.3]
     6 | D:1      | Noticed a hound
     6 | D:1      | Noticed a snapping turtle
     6 | D:1      | Noticed a polar bear
     6 | D:1      | Noticed a scorpion
   142 | D:1      | Reached XP level 2. HP: 10/15 MP: 5/8
   311 | D:1      | Learned a level 2 spell: Scorch
   504 | D:1      | Reached skill level 2 in Conjurations
   595 | D:1      | Reached XP level 3. HP: 20/20 MP: 3/9
   599 | D:1      | Learned a level 3 spell: Conjure Flame
  1418 | D:2      | Reached skill level 3 in Dodging
  1428 | D:2      | Reached XP level 4. HP: 24/24 MP: 4/11
  1568 | D:2      | Found a faded altar of an unknown god.
  1613 | D:2      | Identified the +0 chain mail "Sauvujocs" {Fly rPois Int+3
                  | SInv}
  1708 | D:2      | Reached skill level 4 in Fire Magic
  1797 | D:2      | Reached skill level 1 in Fighting
  2103 | D:2      | HP: 3/25 [something/magic dart (4)]
  2110 | D:2      | HP: 2/25 [orc priest/divine providence (11)]
  2116 | D:2      | Reached skill level 3 in Conjurations
  2116 | D:2      | Reached XP level 5. HP: 29/29 MP: 2/12
  2134 | D:2      | HP: 3/43 [orc priest/divine providence (11)]
  2135 | D:2      | Killed from afar by an orc priest

Vanquished Creatures
  An orc wizard (D:2)
  2 adders (D:2)
  3 dart slugs
  An orc (D:2)
  6 endoplasms
  5 giant cockroaches
  3 goblins (D:2)
  7 hobgoblins
  6 jackals
  7 kobolds
  3 quokkas (D:1)
  3 ball pythons (D:1)
  7 bats
  7 frilled lizards
  8 rats
69 creatures vanquished.

Vanquished Creatures (others)
  An orc wizard (D:2)
  185 foxfires
186 creatures vanquished.

Grand Total: 255 creatures vanquished

Table legend:
 A = Non-vault XP
 B = Vault XP
 C = Vault XP percentage of total XP
 D = Non-vault monster count
 E = Vault monster count
 F = Vault count percentage of total count
                 A         B        C        D         E       F
            +---------+---------+-------+---------+---------+-------
      Total |     209 |       0 |   0.0 |      70 |       0 |   0.0
            +---------+---------+-------+---------+---------+-------
        D:1 |      62 |       0 |   0.0 |      37 |       0 |   0.0
        D:2 |     147 |       0 |   0.0 |      33 |       0 |   0.0
            +---------+---------+-------+---------+---------+-------

Illustrated notes

Table legend:
 A = Kills in this place as a percentage of kills in entire the game.
 B = Kills by you in this place as a percentage of kills by you in the entire game.
 C = Kills by friends in this place as a percentage of kills by friends in the entire game.
 D = Other kills in this place as a percentage of other kills in the entire game.
 E = Experience gained in this place as a percentage of experience gained in the entire game.
 F = Experience gained in this place divided by the number of levels of this place that you have seen.
                   A       B       C       D       E      F
               +-------+-------+-------+-------+-------+----------------------
         Total | 100.0 | 100.0 |   N/A | 100.0 | 100.0 | 104.5
       Dungeon | 100.0 | 100.0 |   N/A | 100.0 | 100.0 | 104.5
               +-------+-------+-------+-------+-------+----------------------

Table legend: (Time is in decaauts)
 A = Elapsed time spent in this place.
 B = Non-inter-level travel time spent in this place.
 C = Inter-level travel time spent in this place.
 D = Time resting spent in this place.
 E = Time spent auto-exploring this place.
 F = Levels seen in this place.
 G = Mean time per level.
                   A        B        C        D        E       F      G
               +--------+--------+--------+--------+--------+-----+--------+
         Total |   2135 |   2050 |     85 |      0 |   1637 |   2 | 1067.5 |
       Dungeon |   2135 |   2050 |     85 |      0 |   1637 |   2 | 1067.5 |
               +--------+--------+--------+--------+--------+-----+--------+

Top non-repeatable levels by time:
     D:1: 1224 daAuts
     D:2: 911 daAuts
